 Dungeon Crawl Stone Soup version 0.31.0-32-g396128a36d (webtiles) character file.

Game seed: 1660586561003351503

44 CaptainMV the Shield-Bearer (level 3, -1/24 HPs)
             Began as a Demonspawn Wanderer on Apr 17, 2024.
             Slain by an iguana (11 damage)
             ... on level 2 of the Dungeon.
             The game lasted 00:06:45 (1103 turns).

CaptainMV the Shield-Bearer (Demonspawn Wanderer)   Turns: 1103, Time: 00:06:45

Health: -1/24      AC:  5    Str:  9    XL:     3   Next: 41%
Magic:  0/5        EV: 11    Int: 14    God:
Gold:   53         SH:  5    Dex: 15    Spells: 4/5 levels left

rFire   . . .        a - +0 dagger
rCold   . . .        d - +0 buckler
rNeg    . . .        c - +0 robe
rPois   .            (no helmet)
rElec   .            f - +0 cloak
rCorr   .            (no gloves)
SInv    .            (no boots)
Will    .....        (no amulet)
Stlth   +            (no ring)
HPRegen 0.24/turn    (no ring)
MPRegen 0.09/turn

%: no passive effects
@: very slightly contaminated
A: hooves 1, thin metallic scales 1
a: no special abilities


You were on level 2 of the Dungeon.
You visited 1 branch of the dungeon, and saw 2 of its levels.

You collected 53 gold pieces.

Inventory:

Hand Weapons
 a - a +0 dagger (weapon)
Missiles
 e - 4 javelins (quivered)
Armour
 c - a +0 robe (worn)
 d - a +0 buckler (worn)
 f - a +0 cloak (worn)
 k - an orb of guile
Scrolls
 i - a scroll of enchant weapon {unknown}
 j - a scroll of identify {unknown}
 l - a scroll of noise {unknown}
 m - a scroll of poison
Potions
 b - a potion of curing
 g - 2 potions of heal wounds {unknown}
 h - a potion of magic {unknown}


   Skills:
 + Level 0.2 Fighting
 + Level 0.6 Short Blades
 + Level 1.0 Armour
 + Level 0.8 Dodging
 + Level 0.1 Stealth
 + Level 4.0 Shields
 + Level 1.6 Spellcasting
 + Level 2.0 Summonings
 + Level 2.1 Ice Magic


You had 4 spell levels left.
You knew the following spells:

 Your Spells              Type           Power      Damage    Failure   Level
a - Freeze                Ice            28%        1d5       16%         1

Your spell library contained the following spells:

 Spells                   Type           Power      Damage    Failure   Level
 Summon Small Mammal      Summ           24%        N/A       16%         1
 Frozen Ramparts          Ice            14%        1d3       41%         3
 Ozocubu's Armour         Ice            7%         N/A       41%         3
 Summon Ice Beast         Ice/Summ       6%         N/A       43%         3
 Scorch                   Fire           2%         2d5       50%         2
 Volatile Blastmotes      Fire/Tloc      2%         2d10      73%         3
 Flame Wave               Conj/Fire      1%         2d4       98%         4
 Fulminant Prism          Conj/Alch      0%         3d5       98%         4
 Iskenderun's Mystic Bla  Conj/Tloc      1%         2d3       98%         4
 Summon Cactus Giant      Summ           3%         N/A       100%        6


Dungeon Overview and Level Annotations

Branches:
Dungeon (2/15)

Altars:


Innate Abilities, Weirdness & Mutations

You have large cloven feet.
You are partially covered in thin metallic scales. (AC +2)


Message History

Casting: Freeze (safe; 16% risk of failure)
Confirm with . or Enter, or press ? or * to list all spells.
Aiming: Freeze (safe; 16% risk of failure)
Press: ? - help, Shift-Dir - straight line, f/p - iguana
Aim: an iguana You freeze the iguana.
The iguana is moderately wounded.
The iguana seems to slow down.
Casting: Freeze (safe; 16% risk of failure)
Confirm with . or Enter, or press ? or * to list all spells.
Aiming: Freeze (safe; 16% risk of failure)
Press: ? - help, Shift-Dir - straight line, f/p - iguana
Aim: an iguana (moderately wounded, slow)
You freeze the iguana.
The iguana is heavily wounded.
The iguana seems to slow down.
The iguana closely misses you.
Unknown command.
Casting: Freeze (safe; 16% risk of failure)
Confirm with . or Enter, or press ? or * to list all spells.
Aiming: Freeze (safe; 16% risk of failure)
Press: ? - help, Shift-Dir - straight line, f/p - iguana
Aim: an iguana (heavily wounded, slow)
You freeze the iguana.
The iguana is severely wounded.
The iguana misses you.
Casting: Freeze (safe; 16% risk of failure)
Confirm with . or Enter, or press ? or * to list all spells.
Aiming: Freeze (safe; 16% risk of failure)
Press: ? - help, Shift-Dir - straight line, f/p - iguana
Aim: an iguana (severely wounded, slow)
You miscast Freeze.
Nothing appears to happen.
You hit the iguana but do no damage. You kick the iguana, but do no damage.
The iguana is severely wounded.
The iguana bites you!
You hit the iguana but do no damage. Your kick misses the iguana.
The iguana is severely wounded.
You hit the iguana. Your kick misses the iguana.
The iguana is severely wounded.
The iguana bites you!
You die...

..... ......#.
..........# .
.>.......# ..#
.........# #...#####.#
.....# .$........#
......
..........##(.....
.......@l.........
....##.......#....
##+###............
.................
..................
...................
.....##'####..........
#
............♣.♣.♣.♣....
.
.........#............


You could see an iguana (slow).

Vanquished Creatures
  2 adders (D:2)
  A dart slug (D:1)
  A ribbon worm (D:2)
  2 ball pythons (D:1)
  5 bats (D:1)
  An endoplasm (D:1)
  A giant cockroach (D:1)
  A hobgoblin (D:1)
  A quokka (D:1)
  5 goblins
  3 rats
23 creatures vanquished.

Notes
Turn   | Place    | Note
-------+----------+-------------------------------------------
     0 | D:1      | CaptainMV the Demonspawn Wanderer began the quest for the
                  | Orb.
     0 | D:1      | CaptainMV set off with the following items: a +0 dagger, a
                  | potion of curing, a +0 robe, a +0 buckler; and the
                  | following spells available to memorise: Summon Small
                  | Mammal, Freeze, Summon Ice Beast, Frozen Ramparts,
                  | Ozocubu's Armour.
     0 | D:1      | Reached XP level 1. HP: 13/13 MP: 2/2
    27 | D:1      | Learned a level 1 spell: Freeze
   286 | D:1      | Gained mutation: You are partially covered in thin metallic
                  | scales. (AC +2) [demonic ancestry]
   286 | D:1      | Reached XP level 2. HP: 19/19 MP: 0/3
   565 | D:1      | Reached skill level 4 in Shields
   650 | D:2      | Gained mutation: You have large cloven feet. [demonic
                  | ancestry]
   650 | D:2      | Reached XP level 3. HP: 20/24 MP: 1/5
  1103 | D:2      | Slain by an iguana

Illustrated notes

Levels and vault maps discovered:
D:1:      mrwooster_arrival_statue, layout_loops_ring, nrook_mini_backslash
D:2:      layout_basic, serial_shops, nicolae_diamond_shop, serial_forest,
          infiniplex_forest_end_3, infiniplex_forest_lined_corner,
          infiniplex_forest_join, infiniplex_forest_straight_3,
          infiniplex_forest_lined_3_way, infiniplex_forest_zigzag_2,
          infiniplex_forest_join, infiniplex_forest_lined_room_,
          infiniplex_forest_straight_4, basic_altar, kennysheep_generic_room_8

Skill      XL: |  1  2 |
---------------+-------+-----
Shields        | 4 |  4.0
Ice Magic      | 2 |  2.1
Fighting       | |  0.2
Short Blades   | |  0.6
Armour         | |  1.0
Dodging        | |  0.8
Stealth        | |  0.1
Spellcasting   | |  1.6
Summonings     | |  2.0

Action                     || total
---------------------------++-------
  Melee: Dagger            ||   429
         Kick              ||   192
   Cast: Freeze            ||    19
    Use: Scroll            ||     2
 Armour: Robe              ||    74
  Dodge: Dodged            ||    71
  Block: Buckler           ||    32
